Map: Kairos Junction LE

Players

Snute - Winner!

  • Race: Zerg Zerg
  • Spawn Location: 5:00

Sakura

  • Race: Protoss Protoss
  • Spawn Location: 11:00

Event: 2019 WCS Summer

VOD

Have the link to the VOD?

Description

Time

  • Played on: July 12, 2019, 9:49 a.m.
  • Length: 8:58

All games in this series

Show
View Real Time Build Order
Export as new Build Order

Snute Zerg - Winner!

Build Orders: Hatch First 

Get SALT Encoding   

  12  0:00  Drone  
  13  0:12  Overlord  
  13  0:16  Drone  
  14  0:30  Drone x2  
  16  0:47  Hatchery  
  15  0:51  Drone  
  15  0:54  Drone  
  17  0:57  Drone  
  17  1:01  Extractor  
  17  1:13  Spawning Pool  
  17  1:16  Drone  
  17  1:20  Drone  
  18  1:27  Drone  
  19  1:38  Overlord  
  19  1:49  Drone  
  20  2:00  Queen  
  20  2:01  Zergling x4  
  24  2:02  Metabolic Boost  
  24  2:07  Queen  
  26  2:11  Drone  
  26  2:14  Drone  
  28  2:21  Drone  
  28  2:22  Drone  
  30  2:31  Drone  
  30  2:32  Drone  
  32  2:41  Hatchery  
  32  2:43  Overlord  
  31  2:47  Drone  
  32  2:53  Queen  
  32  2:56  Drone  
  32  2:58  Drone  
  36  3:05  Drone x2  
  38  3:09  Drone x3  
  41  3:14  Overlord  
  41  3:17  Drone  
  42  3:24  Queen  
  42  3:25  Overlord  
  44  3:34  Queen  
  44  3:36  Drone  
  44  3:37  Drone  
  44  3:39  Roach Warren  
  44  3:40  Drone, Extractor  
  47  3:42  Drone  
  47  3:44  Drone  
  47  3:47  Drone x2  
  51  3:50  Overlord  
  51  3:52  Drone  
  51  3:55  Drone  
  53  3:57  Drone  
  53  4:01  Drone  
  55  4:05  Lair  
  55  4:08  Extractor  
  54  4:12  Zergling x6  
  54  4:16  Zergling x4  
  59  4:22  Roach  
  61  4:25  Roach  
  61  4:30  Zergling x6  
  66  4:34  Overlord x2  
  65  4:38  Overlord  
  65  4:53  Drone x4  
  65  4:54  Drone x3  
  72  5:03  Drone x7  
  79  5:08  Roach x2  
  79  5:10  Glial Reconstitution  
  83  5:14  Extractor  
  83  5:15  Roach x2  
  83  5:16  Overlord  
  83  5:18  Overlord  
  83  5:20  Roach x2  
  90  5:26  Overlord  
  90  5:35  Ravager x4  
  94  5:36  Zergling x10  
  94  5:40  Roach x2  
  103  5:44  Roach  
  103  5:46  Roach x2  
  103  5:47  Overlord  
  109  5:52  Roach x2  
  109  5:55  Spore Crawler  
  111  5:57  Roach  
  111  6:02  Overlord x2  
  113  6:06  Queen x3, Spore Crawler  
  113  6:07  Spore Crawler  
  113  6:09  Roach  
  119  6:17  Roach  
  121  6:21  Overlord  
  121  6:23  Overlord  
  121  6:24  Roach x4  
  128  6:28  Roach x2  
  128  6:29  Overseer  
  132  6:34  Roach x2  
  132  6:36  Ravager  
  132  6:37  Ravager, Overlord  
  137  6:45  Roach x4  
  145  6:50  Overlord  
  145  6:51  Overlord  
  145  6:59  Roach x4  
  153  7:06  Ravager x2  
  155  7:15  Roach x3  
  151  7:16  Zergling x16  
  156  7:22  Ravager  
  156  7:25  Zergling x8  
  151  7:33  Zergling x6, Queen x2  
  150  7:37  Ravager x2  
  150  7:40  Roach x2  
  150  7:41  Overlord  
  150  7:44  Roach x2  
  146  7:52  Roach x3  
  146  7:53  Roach  
  146  7:57  Roach x2  
  158  8:03  Roach x2  
  143  8:15  Zergling x2  
  143  8:16  Zergling x22  
  126  8:27  Zergling x8  
  108  8:37  Zergling x16  
Show
View Real Time Build Order
Export as new Build Order

Sakura Protoss 

Build Orders: 1 Gate Expand 

Get SALT Encoding   

  12  0:00  Probe  
  13  0:13  Probe  
  14  0:17  Pylon  
  14  0:25  Probe  
  15  0:34  Probe  
  15  0:38  Gateway  
  16  0:43  Probe  
  16  0:45  Assimilator  
  17  0:51  Probe  
  18  1:03  Probe  
  19  1:15  Probe  
  20  1:23  Nexus  
  20  1:27  Probe  
  21  1:36  Cybernetics Core  
  21  1:41  Assimilator  
  21  1:50  Probe, Pylon  
  22  2:02  Stalker  
  22  2:03  Probe  
  23  2:11  Probe  
  23  2:13  Warp Gate  
  26  2:19  Probe  
  26  2:28  Robotics Facility  
  26  2:29  Probe  
  27  2:32  Probe  
  29  2:38  Stalker  
  29  2:40  Probe  
  29  2:41  Probe  
  33  2:50  Probe  
  33  2:53  Probe  
  35  3:02  Probe  
  35  3:05  Probe, Gateway  
  37  3:06  Warp Prism  
  37  3:08  Sentry  
  39  3:14  Probe  
  39  3:17  Probe  
  43  3:23  Pylon  
  43  3:26  Probe  
  44  3:29  Probe  
  45  3:35  Pylon  
  45  3:38  Probe  
  46  3:42  Observer, Probe  
  46  3:43  Forge  
  46  3:47  Assimilator  
  48  3:49  Assimilator  
  48  3:51  Shield Battery  
  48  3:53  Probe  
  48  3:54  Immortal  
  49  3:56  Probe  
  49  3:59  Pylon  
  50  4:07  Probe  
  55  4:12  Probe  
  56  4:17  Stalker x2  
  56  4:22  Probe  
  61  4:26  Pylon  
  61  4:29  Immortal  
  61  4:33  Protoss Ground Weapons Level 1  
  61  4:42  Sentry x2  
  69  4:46  Pylon  
  69  4:57  Gateway  
  69  4:58  Gateway  
  67  5:02  Warp Prism  
  67  5:03  Gateway x2  
  67  5:11  Sentry x2  
  73  5:24  Gateway  
  73  5:26  Gateway  
  73  5:34  Adept x2  
  73  5:35  Immortal  
  81  5:49  Pylon  
  81  5:50  Pylon  
  81  5:51  Photon Cannon  
  81  5:55  Sentry  
  81  5:56  Sentry  
  85  6:02  Pylon  
  85  6:15  Sentry  
  85  6:16  Sentry  
  85  6:26  Pylon  
  85  6:29  Stalker x6  
  97  6:33  Pylon  
  97  6:41  Stalker x2  
  101  6:52  Stalker x3  
  106  7:03  Adept x2  
  106  7:04  Adept  
  106  7:05  Zealot x2  
  116  7:15  Stalker x2  
  116  7:20  Stalker  
  118  7:23  Observer  
  117  7:32  Stalker x3  
  119  7:41  Stalker x2  
  119  7:49  Stalker x2  
  119  7:52  Zealot  
  119  7:55  Sentry  
  119  7:56  Zealot  
  125  8:04  Pylon  
  107  8:13  Stalker  
  107  8:14  Stalker x2  
  107  8:18  Stalker  
  109  8:24  Stalker x2  
  95  8:29  Stalker  
  81  8:35  Stalker  
  65  8:49  Zealot x5  
Tags
 
Add a new tag
Caveats
  • Supply blocks, unpowered buildings, or Contaminate may cause inaccurate times.
  • Supply counts are checked every 10 seconds.